 Dungeon Crawl Stone Soup version 0.26-a0-291-g3d11bbfad5 (webtiles) character file.

Game seed: 9854153477312782723

98 Infinimo the Firebug (level 4, -1/35 HPs)
             Began as a Hill Orc Fire Elementalist on July 14, 2020.
             Was an Initiate of Gozag.
             Slain by a gnoll
             ... wielding a +0 halberd
              (12 damage)
             ... on level 3 of the Dungeon.
             The game lasted 00:05:09 (3966 turns).

Infinimo the Firebug (Hill Orc Fire Elementalist)   Turns: 3966, Time: 00:05:10

Health: -1/35      AC:  3    Str: 10    XL:     4   Next: 69%
Magic:  7/7        EV: 12    Int: 16    God:    Gozag
Gold:   158        SH:  0    Dex: 11    Spells: 6/7 levels left

rFire    . . .     SeeInvis .   l - +2 dagger (venom)
rCold    . . .     Faith    .   (no shield)
rNeg     . . .     Spirit   .   a - +1 robe
rPois    .         Reflect  .   (no helmet)
rElec    .         Harm     .   (no cloak)
rCorr    .                      (no gloves)
MR       .....                  (no boots)
Stlth    ++........             (no amulet)
HPRegen  0.11/turn              (no ring)
MPRegen  0.10/turn              (no ring)

@: no status effects
A: no striking features
a: Potion Petition, Call Merchant, Bribe Branch, Renounce Religion


You were on level 3 of the Dungeon.
You worshipped Gozag.
Gozag was aware of your devotion.
You visited 1 branch of the dungeon, and saw 3 of its levels.

You collected 191 gold pieces.
You paid 33 gold pieces to Gozag.

Inventory:

Hand Weapons
 l - a +2 dagger of venom (weapon)
Armour
 a - a +1 robe (worn)
Jewellery
 e - an uncursed ring of see invisible {unknown}
Scrolls
 b - 2 scrolls of amnesia {unknown}
 d - 2 scrolls of identify
 j - 2 scrolls of remove curse
Potions
 c - a potion of resistance
 f - 2 potions of brilliance
 g - 2 potions of curing
 h - a potion of might {unknown}


   Skills:
 + Level 1.2 Fighting
 - Level 1.9 Dodging
 - Level 2.0 Stealth
 + Level 2.1 Spellcasting
 * Level 2.3 Conjurations
 * Level 4.0 Fire Magic


You had 6 spell levels left.
You knew the following spells:

 Your Spells              Type           Power        Failure   Level
a - Foxfire               Conj/Fire      ##..         5%          1

Your spell library contained the following spells:

 Spells                   Type           Power        Failure   Level
 Conjure Flame            Conj/Fire      ##......     17%         3
 Corona                   Hex            #......      21%         1
 Inner Flame              Hex/Fire       #.......     26%         3
 Ensorcelled Hibernation  Hex/Ice        #.....       30%         2
 Dazzling Flash           Conj/Hex       #.....       36%         3
 Sticky Flame             Conj/Fire      ##......     50%         4
 Confusing Touch          Hex            #.......     52%         3
 Tukima's Dance           Hex            #.......     52%         3
 Fireball                 Conj/Fire      ##........   83%         5


Dungeon Overview and Level Annotations

Branches:
Dungeon (3/15)

Altars:
Fedhas
Gozag
Makhleb
Wu Jian
Xom
Zin


Message History

The gnoll is severely wounded.
You kill the gnoll!
HP restored.
You now have 158 gold pieces (gained 7).
You see here a +0 halberd.
Done exploring.
Done exploring.
Done exploring.
There is a stone staircase leading down here.
You climb downwards.
There is a stone staircase leading up, spattered with blood here.
The gnoll hits you with a +0 halberd! The gnoll hits you with a +0 halberd!
* * * LOW HITPOINT WARNING * * *
You are too injured to fight recklessly!
The gnoll is poisoned.
The gnoll is moderately wounded.
The gnoll hits you with a +0 halberd!
You die...
Your body crumbles into a pile of gold.

#!# #######.#
#.#.# ###...#
#.# #.# #.#.#
#...#.# #.#
#.###.#.#
#.#...# #.
#g##....#
#.....#
#g##..###
#####.#
#.##..# #.#
#g##.<# ##.##
#.##..#
#####...#
########.##@.#
..........
..........g(##
###.##...#
#####...#### #
##... #.###
##..
######.#####
#.####..
............#
#.......
#######.###.#
######..
.........#
#.......
####.###.#
####.#####.


You could see a gnoll (poisoned).

Vanquished Creatures
  3 gnolls (D:2)
  2 adders (D:2)
  A dart slug (D:3)
  3 bats
  6 goblins
  10 hobgoblins
  5 jackals
  2 quokkas (D:2)
  3 ball pythons (D:2)
  3 frilled lizards
  6 kobolds
  2 rats (D:2)
46 creatures vanquished.

Vanquished Creatures (others)
  112 foxfires
112 creatures vanquished.

Grand Total: 158 creatures vanquished

Notes
Turn   | Place    | Note
-------+----------+-------------------------------------------
     0 | D:1      | Infinimo the Hill Orc Fire Elementalist began the quest for
                  | the Orb.
     0 | D:1      | Reached XP level 1. HP: 14/14 MP: 3/3
   125 | D:1      | Found a blossoming altar of Fedhas.
   400 | D:1      | Reached XP level 2. HP: 20/20 MP: 1/4
  1193 | D:1      | Found a hazy altar of Hepliaklqana.
  1193 | D:1      | Found a shimmering altar of Xom.
  1195 | D:1      | Found a burning altar of Makhleb.
  1195 | D:1      | Found an ornate altar of the Wu Jian Council.
  1195 | D:1      | Found a shimmering altar of Xom.
  1440 | D:2      | Reached XP level 3. HP: 12/26 MP: 0/5
  2095 | D:2      | Found an opulent altar of Gozag.
  2565 | D:2      | Reached XP level 4. HP: 25/34 MP: 6/6
  2719 | D:2      | Found a glowing silver altar of Zin.
  2801 | D:2      | Became a worshipper of Gozag Ym Sagoz the Greedy
  3395 | D:2      | Reached skill level 1 in Fighting
  3678 | D:2      | Reached skill level 4 in Fire Magic
  3966 | D:3      | Slain by a gnoll

Illustrated notes

Levels and vault maps discovered:
D:1:      scummos_arrival_simple_crosswalls, layout_basic, doesnt_xom_only_xom
D:2:      layout_loops_ring, nicolae_gozag_cash_rules_everything_around_me,
          lemuel_coloured_pillars_altar
D:3:      layout_loops_ring, tso_altar, uniq_robin

Skill      XL: |  1  2  3  4 |
---------------+-------------+-----
Stealth        | 2 |  2.0
Conjurations   | 2 |  2.3
Spellcasting   | 2 |  2.1
Fighting       | 1 |  1.2
Fire Magic     | 4 |  4.0
Dodging        | |  1.9

Action                   |  1- 3 |  4- 6 || total
-------------------------+-------+-------++-------
Melee: Club              |    13 |       ||    13
       Dagger            |    44 |    32 ||    76
 Cast: Foxfire           |    66 |    19 ||    85
  Use: Scroll            |     8 |       ||     8
Armor: Robe              |    13 |     5 ||    18
Dodge: Dodged            |    47 |    23 ||    70

Table legend:
 A = Non-vault XP
 B = Vault XP
 C = Vault XP percentage of total XP
 D = Non-vault monster count
 E = Vault monster count
 F = Vault count percentage of total count
                 A         B        C        D         E       F
            +---------+---------+-------+---------+---------+-------
      Total |     140 |       0 |   0.0 |      46 |       0 |   0.0
            +---------+---------+-------+---------+---------+-------
        D:1 |      27 |       0 |   0.0 |      15 |       0 |   0.0
        D:2 |     100 |       0 |   0.0 |      24 |       0 |   0.0
        D:3 |      13 |       0 |   0.0 |       7 |       0 |   0.0
            +---------+---------+-------+---------+---------+-------
